 Dungeon Sprint DCSS version 0.23-a0-356-g1757c6e (webtiles) character file.

77634 emperorscorpion the Slayer (level 15, -4/149 HPs)
             Began as a Minotaur Hunter on Oct 21, 2018.
             Was the Champion of Okawaru.
             Slain by a vault warden
             ... wielding a +1 great mace
              (37 damage)
             ... in the Dungeon (Sprint IX: "|||||||||||||||||||||||||||||").
             The game lasted 00:24:33 (5311 turns).

emperorscorpion the Slayer (Minotaur Hunter)        Turns: 5311, Time: 00:24:34

Health: -4/149     AC: 35    Str: 23 (24) XL:     15   Next: 15%
Magic:  29/29      EV: 15    Int: 10      God:    Okawaru [******]
Gold:   56         SH: 15    Dex: 21      Spells: 14/14 levels left

rFire    + + +     SeeInvis .   Y - +5 demon blade
rCold    . . .     Gourm    .   d - +0 shield
rNeg     . . .     Faith    .   S - +8 plate armour of Okawaru's Envy {-Cast rF+ rCorr Int+2}
rPois    .         Spirit   .   X - +0 hat of Crawling {rF+ MR- rCorr Str+6}
rElec    +         Reflect  .   s - +1 cloak
rCorr    +         Harm     .   c - +0 pair of fencer's gloves {+Riposte Dex+3}
MR       .....     NoTele   +   V - +2 pair of boots of Instinct {rElec MP+9 Str+2} Stlth ..........NoCast +
                                J - amulet of the acrobat
HPRegen  0.34/turn              L - ring of protection from fire
MPRegen  0.21/turn              (no ring)

@: finesse, slowed, very slow
A: retaliatory headbutt, horns 2, deterioration 1, frail 1, low mp 1
a: Heroism, Finesse, Renounce Religion


You were in the Dungeon.
You worshipped Okawaru.
Okawaru was exalted by your worship.
You were very full.

You visited 1 branch You collected 1908 gold pieces.
You spent 1852 gold pieces at shops.

Inventory:

Hand Weapons
 a - a +4 quarterstaff of speed
 q - a +0 short sword
 w - a +0 blowgun
 G - a +0 broad axe of flaming
 H - a +2 vampiric scimitar
 U - a +2 lajatang of electrocution
 W - a +2 great sword of flaming
 Y - a +5 demon blade (weapon)
Missiles
 e - 9 curare-tipped needles
 o - 8 silver tomahawks
 F - 9 javelins (quivered)
 R - 2 throwing nets
Armour
 b - a +0 leather armour
 c - the +0 pair of fencer's gloves (worn) {+Riposte Dex+3}
   (Okawaru gifted it to you in the Dungeon)

   It affects your dexterity (+3).
 d - a +0 shield (worn)
 r - a +0 pair of gloves
 s - a +1 cloak (worn)
 t - a +1 chain mail
 D - a +1 pair of gloves of strength
 E - a +3 plate armour
 O - +0 swamp dragon scales
 S - the +8 plate armour of Okawaru's Envy (worn) {-Cast rF+ rCorr Int+2}
   (Okawaru gifted it to you in the Dungeon)

   It affects your intelligence (+2).
   It protects you from fire.
   It prevents spellcasting.
   It provides partial protection from all sources of acid and corrosion.
 V - the +2 pair of boots of Instinct (worn) {rElec MP+9 Str+2}
   (Okawaru gifted it to you in the Dungeon)

   It affects your strength (+2).
   It insulates you from electricity.
   It affects your magic capacity (+9).
 X - the +0 hat of Crawling (worn) {rF+ MR- rCorr Str+6}
   (Okawaru gifted it to you in the Dungeon)

   It affects your strength (+6).
   It protects you from fire.
   It affects your resistance to hostile enchantments.
   It provides partial protection from all sources of acid and corrosion.
Magical Staves
 p - an uncursed staff of energy
 y - an uncursed staff of energy
Jewellery
 u - a +3 ring of dexterity
 v - a +3 ring of intelligence
 J - an amulet of the acrobat (around neck)
 K - an uncursed ring of ice
 L - a ring of protection from fire (left hand)
 M - an uncursed ring of fire
 N - an uncursed ring of protection from cold
Scrolls
 k - 2 scrolls of blinking
 m - 4 scrolls of remove curse
 n - 2 scrolls of amnesia
 A - 8 scrolls of enchant armour
 B - 2 scrolls of fear
 C - a scroll of identify
 Q - 4 scrolls of enchant weapon
Potions
 g - a potion of heal wounds
 h - a potion of haste
 i - 4 potions of magic
 j - 3 potions of mutation
 l - 3 potions of curing
 x - a potion of might
 z - a potion of brilliance
 P - a potion of agility
Miscellaneous
 I - a lamp of fire
Comestibles
 f - 6 rations


   Skills:
 + Level 23.7 Fighting
 - Level 0.8(8.5) Short Blades
 - Level 13.9(14.0) Long Blades
 - Level 16.3 Staves
 + Level 18.3 Throwing
 + Level 20.2 Armour
 + Level 9.8 Dodging
 - Level 0.7 Stealth
 + Level 15.2 Shields
 + Level 12.0 Invocations
 + Level 12.2 Evocations


You had 14 spell levels left.
You didn't know any spells.
Your spell library contained the following spells:

 Spells                   Type           Power        Failure   Level  Hunger
 Freeze                   Ice            #...         92%         1    ##.....
 Leda's Liquefaction      Hex/Erth       #.........   100%        4    #####..
 Throw Icicle             Conj/Ice       #.......     100%        4    #####..
 Borgnjor's Vile Clutch   Necr/Erth      #.........   100%        5    ######.
 Simulacrum               Ice/Necr       #.........   100%        6    #######


Dungeon Overview and Level Annotations

Branches:
Dungeon (1/1)

Altars:
Cheibriados
Dithmenos
Elyvilon
Fedhas
Gozag
Hepliaklqana
Kikubaaqudgha
Makhleb
Nemelex Xobeh
Okawaru
Qazlal
Ru
Sif Muna
Trog
Uskayaw
Vehumet
Wu Jian
Xom
Yredelemnul
Zin
The Shining One
Beogh
Jiyva
Lugonu

Shops:
D *(}*


Innate Abilities, Weirdness & Mutations

You reflexively headbutt those who attack you in melee.
You have a pair of horns on your head.
Your body sometimes deteriorates upon taking damage.
You are frail. (-10% HP)
Your magical capacity is low. (-10% MP)


Message History

You barely miss the vault warden.
The vault warden is severely wounded.
The vault warden hits you with a +1 great mace!!
* * * LOW HITPOINT WARNING * * *
Unknown command.
You completely miss the vault warden.
The vault warden is severely wounded.
You barely miss the vault warden. Your headbutt misses the vault warden.
The vault warden is severely wounded.
You barely miss the vault warden. You headbutt the vault warden.
The vault warden is severely wounded.
The vault warden hits you with a +1 great mace!!
* * * LOW HITPOINT WARNING * * *
You feel much better.
The vault warden activates a sealing rune.
You eat one of the 8 rations.
That ration really hit the spot!
You block the vault warden's attack.
You eat one of the 7 rations.
That ration really hit the spot!
The vault warden hits you with a +1 great mace!!!
You die...

▓....................
▓.▓▓▓▓▓▓▓▓▓▓▓▓▓▓▓▓▓▓▓
▓.........'.....)))))
▓▓▓▓▓▓▓▓▓▓▓▓▓▓▓▓▓▓▓▓▓
▓....................
▓.▓▓▓▓▓▓▓▓▓▓▓▓▓▓▓▓▓▓▓
▓...............†....
▓▓▓▓▓▓▓▓▓▓▓▓▓▓▓▓▓▓▓▓▓
▓p3p@))..............
▓)▓▓▓▓▓▓▓▓▓▓▓▓▓▓▓▓▓▓▓
▓..op1d.)..)p1d..÷'[[
▓▓▓▓▓▓▓▓▓▓▓▓▓▓▓▓▓▓▓▓▓


You could see a vault warden, an ironbrand convoker and a smoke demon.

Vanquished Creatures
  An orb of fire (D)
  An ancient lich (D)
  Agnes (D)
  A draconian monk (D)
  A nagaraja (D)
  2 fire giants (D)
  Donald (D)
  2 vault wardens (D)
  A frost giant (D)
  A draconian shifter (D)
  A stone giant (D)
  3 very ugly things (D)
  A vampire knight (D)
  A green draconian (D)
  A black draconian (D)
  A spark wasp (D)
  A white draconian (D)
  A merfolk javelineer (D)
  A merfolk impaler (D)
  A fire dragon (D)
  A naga warrior (D)
  A great orb of eyes (D)
  A hydra (D)
  An ogre mage (D)
  A ghost crab (D)
  A merfolk avatar (D)
  2 vault guards (D)
  3 ice dragons (D)
  A catoblepas (D)
  A two-headed ogre (D)
  A centaur warrior (D)
  A naga sharpshooter (D)
  2 spriggan berserkers (D)
  8 orc high priests (D)
  A hell knight (D)
  A vampire mage (D)
  Sonja (D)
  A skeletal warrior (D)
  An unseen horror (shapeshifter) (D)
  A glowing orange brain (D)
  A swamp dragon (D)
  A harpy (shapeshifter) (D)
  An ironbrand convoker (D)
  9 orc knights (D)
  2 orc sorcerers (D)
  A harpy (D)
  2 orb spiders (D)
  3 wolf spiders (D)
  2 ugly things (D)
  A salamander (D)
  A cyclops (D)
  A merfolk siren (D)
  3 black mambas (D)
  A black mamba (shapeshifter) (D)
  3 water nymphs (D)
  5 naga magi (D)
  2 vault sentinels (D)
  6 spiny frogs (D)
  2 rime drakes (D)
  2 yaktaurs (D)
  A komodo dragon (D)
  A jumping spider (shapeshifter) (D)
  A merfolk (D)
  A hornet (D)
  2 tyrant leeches (D)
  A blink frog (D)
  3 hippogriffs (D)
  2 redbacks (D)
  A wraith (D)
  2 spriggans (D)
  A water elemental (D)
  A wyvern (D)
  A yak (D)
  2 tarantellas (D)
  A basilisk (D)
  2 wargs (D)
  A water moccasin (D)
  3 hell hounds (D)
  A porcupine (D)
  7 orc warriors (D)
  2 sky beasts (D)
  3 wolves (D)
  2 crocodiles (D)
  A big kobold (D)
  2 bullfrogs (D)
  A howler monkey (D)
  3 crimson imps (D)
  3 orc priests (D)
  8 orc wizards (D)
  4 worker ants (D)
  A white imp (D)
  A leopard gecko (D)
  4 orcs (D)
  A bat skeleton (D)
  A giant cockroach (D)
  A kobold (D)
  A ball python (D)
  A ball python skeleton (D)
  A bat (D)
  A quokka skeleton (D)
181 creatures vanquished.

Notes
Turn   | Place    | Note
-------+----------+-------------------------------------------
     0 | D        | emperorscorpion the Minotaur Hunter began the quest for the
                  | Orb.
     0 | D        | Reached XP level 1. HP: 18/18 MP: 0/0
     9 | D        | Reached skill level 5 in Throwing
    19 | D        | Noticed a worker ant
    19 | D        | Noticed an orc wizard
    19 | D        | Noticed a worker ant
    21 | D        | Killed a worker ant
    21 | D        | Reached skill level 3 in Fighting
    21 | D        | Reached XP level 2. HP: 26/26 MP: 1/1
    21 | D        | Reached XP level 3. HP: 31/31 MP: 2/2
    27 | D        | Reached skill level 1 in Armour
    34 | D        | Reached XP level 4. HP: 17/40 MP: 3/3
    53 | D        | Found a roughly hewn altar of Beogh.
    53 | D        | Found a snail-covered altar of Cheibriados.
    53 | D        | Found a shadowy altar of Dithmenos.
    53 | D        | Found a white marble altar of Elyvilon.
    53 | D        | Found a blossoming altar of Fedhas.
    53 | D        | Found an opulent altar of Gozag.
    54 | D        | Found a hazy altar of Hepliaklqana.
    55 | D        | Found a viscous altar of Jiyva.
    56 | D        | Found an ancient bone altar of Kikubaaqudgha.
    57 | D        | Found a corrupted altar of Lugonu.
    58 | D        | Found a burning altar of Makhleb.
    59 | D        | Found a sparkling altar of Nemelex Xobeh.
    60 | D        | Found an iron altar of Okawaru.
    61 | D        | Found a stormy altar of Qazlal.
    62 | D        | Found a sacrificial altar of Ru.
    63 | D        | Found a deep blue altar of Sif Muna.
    64 | D        | Found a bloodstained altar of Trog.
    65 | D        | Found a hide-covered altar of Uskayaw.
    66 | D        | Found a radiant altar of Vehumet.
    67 | D        | Found an ornate altar of the Wu Jian Council.
    68 | D        | Became a worshipper of Warmaster Okawaru
    69 | D        | Found a shimmering altar of Xom.
    70 | D        | Found a basalt altar of Yredelemnul.
    71 | D        | Found a glowing silver altar of Zin.
    72 | D        | Found a glowing golden altar of the Shining One.
   223 | D        | Noticed a big kobold
   223 | D        | Noticed an orc warrior
   223 | D        | Noticed a sky beast
   233 | D        | Killed a big kobold
   233 | D        | Reached skill level 4 in Fighting
   233 | D        | Reached skill level 1 in Staves
   233 | D        | Reached XP level 5. HP: 41/47 MP: 4/4
   248 | D        | Killed an orc warrior
   248 | D        | Reached * piety under Okawaru
   248 | D        | Reached skill level 5 in Fighting
   248 | D        | Reached skill level 10 in Throwing
   248 | D        | Reached XP level 6. HP: 45/56 MP: 5/5
   258 | D        | Reached skill level 5 in Dodging
   264 | D        | Killed a sky beast
   264 | D        | Reached skill level 5 in Armour
   392 | D        | Noticed a cyclops
   392 | D        | Noticed a sky beast
   392 | D        | Noticed a wyvern
   392 | D        | Noticed a wraith
   407 | D        | Killed a cyclops
   407 | D        | Reached skill level 6 in Fighting
   407 | D        | Reached skill level 1 in Invocations
   407 | D        | Reached XP level 7. HP: 27/64 MP: 3/7
   410 | D        | Reached skill level 7 in Fighting
   410 | D        | Killed a wyvern
   410 | D        | Reached XP level 8. HP: 31/73 MP: 4/8
   416 | D        | Reached ** piety under Okawaru
   476 | D        | Noticed Sonja
   481 | D        | Killed Sonja
   481 | D        | Reached *** piety under Okawaru
   481 | D        | Reached skill level 8 in Fighting
   481 | D        | Reached skill level 1 in Evocations
   495 | D        | HP: 3/75 [poisoned by Sonja (curare-tipped needle)]
   500 | D        | HP: 3/75 [poisoned by Sonja (curare-tipped needle)]
   505 | D        | HP: 3/75 [poisoned by Sonja (curare-tipped needle)]
   883 | D        | Noticed a spiny frog
   883 | D        | Noticed a black mamba
   893 | D        | Reached XP level 9. HP: 82/82 MP: 6/9
   902 | D        | Killed a spiny frog
   902 | D        | Reached skill level 9 in Fighting
   902 | D        | Reached skill level 10 in Armour
   910 | D        | Killed a black mamba
   910 | D        | Reached **** piety under Okawaru
  1129 | D        | Noticed a spiny frog
  1129 | D        | Noticed a catoblepas
  1129 | D        | Noticed a spiny frog
  1137 | D        | Noticed a rime drake
  1138 | D        | Reached ***** piety under Okawaru
  1138 | D        | Reached skill level 10 in Fighting
  1139 | D        | Killed a spiny frog
  1139 | D        | Received a gift from Okawaru
  1139 | D        | Reached XP level 10. HP: 84/94 MP: 8/11
  1144 | D        | Killed a catoblepas
  1144 | D        | Received a gift from Okawaru
  1144 | D        | Reached skill level 15 in Staves
  1164 | D        | Killed a spiny frog
  1164 | D        | Reached skill level 11 in Fighting
  1468 | D        | Reached skill level 12 in Fighting
  1600 | D        | Noticed an orc knight
  1624 | D        | Killed an orc knight
  1624 | D        | Reached skill level 5 in Evocations
  1860 | D        | Noticed an orc high priest
  1860 | D        | Noticed an orc sorcerer
  1862 | D        | Reached skill level 13 in Fighting
  1863 | D        | Noticed a sixfirhy
  1883 | D        | Noticed an orc knight
  1888 | D        | Killed an orc high priest
  1888 | D        | Reached XP level 11. HP: 98/107 MP: 6/14
  1892 | D        | Killed an orc sorcerer
  1892 | D        | Reached skill level 5 in Invocations
  1894 | D        | Noticed an orc sorcerer
  1909 | D        | Killed an orc knight
  1914 | D        | Reached skill level 14 in Fighting
  1940 | D        | Killed an orc sorcerer
  2126 | D        | Found Vaf Taonu's General Store.
  2126 | D        | Noticed an orc knight
  2126 | D        | Noticed an orc high priest
  2126 | D        | Noticed an orc knight
  2126 | D        | Noticed an orc high priest
  2126 | D        | Noticed an orc high priest
  2127 | D        | Noticed an orc knight
  2133 | D        | Noticed a sun demon
  2137 | D        | Killed an orc knight
  2144 | D        | Killed an orc high priest
  2145 | D        | Found Epaetsak's Weapon Shoppe.
  2145 | D        | Noticed an orc knight
  2154 | D        | Killed an orc knight
  2154 | D        | Received a gift from Okawaru
  2154 | D        | Reached skill level 15 in Fighting
  2155 | D        | Found the +0 pair of fencer's gloves {+Riposte Dex+3}
  2160 | D        | Killed an orc high priest
  2515 | D        | Killed an orc high priest
  2515 | D        | Reached skill level 15 in Armour
  2554 | D        | Killed an orc knight
  2597 | D        | Killed an orc knight
  2599 | D        | Noticed an orc knight
  2609 | D        | Killed an orc knight
  2678 | D        | Found Umpicuj's Gadget Emporium.
  2682 | D        | Found Miec's General Store.
  2682 | D        | Noticed an orc high priest
  2685 | D        | Noticed an orc high priest
  2687 | D        | Noticed a sun demon
  2711 | D        | Killed an orc high priest
  2711 | D        | Reached skill level 16 in Fighting
  2722 | D        | Killed an orc high priest
  2730 | D        | Noticed an orc high priest
  2872 | D        | Noticed an orc knight
  2880 | D        | Killed an orc high priest
  2890 | D        | Killed an orc knight
  2890 | D        | Reached XP level 12. HP: 41/124 MP: 17/17
  2894 | D        | Noticed an orc high priest
  3161 | D        | Killed an orc high priest
  3221 | D        | Bought a lamp of fire for 480 gold pieces
  3223 | D        | Bought the Grimoire of Obsession for 952 gold pieces
  3223 | D        | Bought an uncursed amulet of the acrobat for 420 gold
                  | pieces
  3397 | D        | Noticed a two-headed ogre
  3397 | D        | Noticed a centaur warrior
  3402 | D        | Killed a centaur warrior
  3402 | D        | Reached skill level 17 in Fighting
  3404 | D        | Killed a two-headed ogre
  3409 | D        | Noticed an ice dragon
  3412 | D        | Noticed a purple very ugly thing
  3416 | D        | Noticed an ogre mage
  3416 | D        | Killed an ice dragon
  3420 | D        | Killed an ogre mage
  3420 | D        | Received a gift from Okawaru
  3421 | D        | Killed a purple very ugly thing
  3421 | D        | Reached skill level 18 in Fighting
  3423 | D        | Got a transparent plate armour {god gift}
  3435 | D        | Noticed a great orb of eyes
  3435 | D        | Noticed a stone giant
  3437 | D        | Identified the +8 plate armour of Okawaru's Envy {-Cast rF+
                  | rCorr Int+2} (Okawaru gifted it to you in the Dungeon)
  3441 | D        | Killed a great orb of eyes
  3441 | D        | Reached skill level 15 in Throwing
  3447 | D        | Killed a stone giant
  3447 | D        | Reached ****** piety under Okawaru
  3863 | D        | Noticed Donald
  3887 | D        | Killed Donald
  3938 | D        | Noticed Agnes
  3955 | D        | Killed Agnes
  3955 | D        | Reached skill level 1 in Long Blades
  4366 | D        | Reached skill level 19 in Fighting
  4369 | D        | Reached skill level 1 in Shields
  4369 | D        | Reached XP level 13. HP: 89/137 MP: 16/19
  4387 | D        | Reached skill level 5 in Long Blades
  4614 | D        | Received a gift from Okawaru
  4616 | D        | Noticed a merfolk javelineer
  4632 | D        | Killed a merfolk javelineer
  4634 | D        | Reached skill level 10 in Long Blades
  4694 | D        | Reached skill level 5 in Shields
  4744 | D        | Received a gift from Okawaru
  4745 | D        | Got a pair of jewelled boots {god gift}
  4757 | D        | Identified the +2 pair of boots of Instinct {rElec MP+9
                  | Str+2} (Okawaru gifted it to you in the Dungeon)
  4886 | D        | Noticed a fire dragon
  4886 | D        | Noticed a fire giant
  4898 | D        | Killed a fire dragon
  4898 | D        | Noticed a fire giant
  4909 | D        | Killed a fire giant
  4915 | D        | Noticed a frost giant
  4919 | D        | Killed a fire giant
  4919 | D        | Reached skill level 20 in Fighting
  4927 | D        | Reached skill level 10 in Evocations
  4927 | D        | Reached XP level 14. HP: 143/148 MP: 20/20
  4932 | D        | Killed a frost giant
  4935 | D        | Received a gift from Okawaru
  4935 | D        | Reached skill level 10 in Shields
  4943 | D        | Got a faintly humming hat {god gift}
  4968 | D        | Noticed a brown very ugly thing
  4970 | D        | Noticed a green very ugly thing
  4978 | D        | Killed a brown very ugly thing
  4981 | D        | Reached skill level 21 in Fighting
  4981 | D        | Killed a green very ugly thing
  5000 | D        | Identified the +0 hat of Crawling {rF+ MR- rCorr Str+6}
                  | (Okawaru gifted it to you in the Dungeon)
  5025 | D        | Noticed a vault warden
  5025 | D        | Noticed a vault warden
  5045 | D        | Killed a vault warden
  5070 | D        | Killed a vault warden
  5070 | D        | Reached skill level 10 in Invocations
  5100 | D        | Noticed an ancient lich
  5103 | D        | Noticed an Ice Fiend
  5159 | D        | Killed an ancient lich
  5159 | D        | Reached skill level 22 in Fighting
  5164 | D        | Noticed a nagaraja
  5164 | D        | Noticed a green draconian monk
  5164 | D        | Noticed a vampire knight
  5172 | D        | Killed a vampire knight
  5172 | D        | Received a gift from Okawaru
  5185 | D        | Killed a green draconian monk
  5187 | D        | Killed a nagaraja
  5198 | D        | Noticed a green draconian shifter
  5219 | D        | Killed a green draconian shifter
  5240 | D        | Received a gift from Okawaru
  5252 | D        | Noticed an orb of fire
  5253 | D        | Noticed a vault warden
  5257 | D        | Gained mutation: Your body sometimes deteriorates upon
                  | taking damage. [an orb of fire]
  5267 | D        | Gained mutation: Your magical capacity is low. (-10% MP)
                  | [an orb of fire]
  5277 | D        | Gained mutation: You are frail. (-10% HP) [an orb of fire]
  5284 | D        | Killed an orb of fire
  5284 | D        | Received a gift from Okawaru
  5284 | D        | Reached skill level 23 in Fighting
  5284 | D        | Reached skill level 15 in Shields
  5284 | D        | Reached XP level 15. HP: 122/148 MP: 20/20
  5293 | D        | Received a gift from Okawaru
  5308 | D        | HP: 5/149 [vault warden/+1 great mace (25)]
  5311 | D        | Slain by a vault warden

Vault maps used:
D:        linesprint

Skill      XL: |  1  2  3  4  5  6  7  8  9 10 11 12 13 14 15 |
---------------+----------------------------------------------+-----
Throwing       | 6 8 9 10 11 12 13 15 16 18 | 18.3
Fighting       | 3 4 5 6 7 8 10 13 16 19 20 23 | 23.7
Armour         | 1 3 4 7 9 11 13 15 17 18 20 | 20.2
Dodging        | 3 4 6 7 8 9 |  9.8
Staves         | 1 3 8 9 12 14 16 | 16.3
Invocations    | 1 2 3 4 8 9 11 12 | 12.0
Evocations     | 2 3 5 6 7 10 12 | 12.2
Long Blades    | 2 13 | 13.9
Shields        | 1 9 15 | 15.2
Short Blades   | |  0.8
Stealth        | |  0.7

Action                   |  1- 3 |  4- 6 |  7- 9 | 10-12 | 13-15 || total
-------------------------+-------+-------+-------+-------+-------++-------
Melee: Short sword       |    21 |     1 |       |       |       ||    22
       Headbutt          |     3 |     5 |    21 |   101 |   108 ||   238
       Quarterstaff      |       |    51 |    62 |   306 |       ||   419
       Scimitar          |       |       |       |    29 |   263 ||   292
       Demon blade       |       |       |       |       |    50 ||    50
Throw: Javelin           |       |       |       |    23 |    28 ||    51
       Tomahawk          |       |       |       |    20 |       ||    20
       Throwing net      |       |       |       |     3 |       ||     3
Invok: Heroism           |       |     2 |     2 |     7 |     4 ||    15
       Finesse           |       |       |       |     3 |     3 ||     6
Evoke: Wand              |       |       |     8 |     2 |       ||    10
       Lamp of fire      |       |       |       |     5 |     9 ||    14
  Use: Potion            |     1 |     4 |     1 |     2 |     2 ||    10
 Stab: Invisible         |       |     2 |     1 |       |       ||     3
  Eat: Chunk             |       |       |     1 |     5 |     2 ||     8
       Ration            |       |       |       |     3 |     2 ||     5
Armor: Leather armour    |     6 |       |       |       |       ||     6
       Chain mail        |       |    17 |    15 |    13 |       ||    45
       Plate armour      |       |       |       |    75 |   116 ||   191
Dodge: Dodged            |     4 |    19 |    22 |    76 |    78 ||   199
Block: Shield            |       |       |       |    12 |   118 ||   130
       Rpst.: Quarterstaff |       |       |       |     5 |       ||     5
       Scimitar          |       |       |       |     7 |    18 ||    25

Table legend:
 A = Non-vault XP
 B = Vault XP
 C = Vault XP percentage of total XP
 D = Non-vault monster count
 E = Vault monster count
 F = Vault count percentage of total count
                 A         B        C        D         E       F
            +---------+---------+-------+---------+---------+-------
      Total |     211 |  110695 |  99.8 |       1 |     180 |  99.4
            +---------+---------+-------+---------+---------+-------
          D |     211 |  110695 |  99.8 |       1 |     180 |  99.4
            +---------+---------+-------+---------+---------+-------
